Map: Pillars of Gold LE

Players

TeebuL

  • Race: Protoss Protoss
  • Spawn Location: 1:00

Azure - Winner!

  • Race: Terran Terran
  • League: Grandmaster
  • Spawn Location: 7:00

Event: DreamHack SC2 Masters 2020 Winter

VOD

Have the link to the VOD?

Description

Time

  • Played on: Oct. 17, 2020, 12:18 a.m.
  • Length: 13:13

All games in this series

Show
View Real Time Build Order
Export as new Build Order

TeebuL Protoss 

Build Orders:  

Get SALT Encoding   

  12  0:00  Probe  
  13  0:12  Probe  
  14  0:19  Pylon  
  14  0:24  Probe  
  15  0:37  Probe (Chrono Boost)  
  15  0:40  Gateway  
  16  0:48  Probe (Chrono Boost)  
  17  0:50  Assimilator  
  17  0:53  Probe (Chrono Boost)  
  18  1:03  Probe  
  19  1:15  Probe  
  20  1:27  Probe, Zealot (Chrono Boost)  
  20  1:28  Assimilator  
  23  1:34  Cybernetics Core  
  23  1:36  Pylon  
  24  1:54  Probe  
  24  2:06  Probe  
  24  2:07  Adept (Chrono Boost)  
  25  2:12  Warp Gate  
  27  2:22  Nexus  
  27  2:25  Probe  
  28  2:31  Adept  
  30  2:43  Probe  
  31  2:46  Robotics Facility  
  31  2:52  Pylon  
  31  3:10  Probe  
  32  3:16  Adept  
  34  3:21  Gateway  
  34  3:22  Gateway  
  34  3:23  Probe  
  35  3:31  Probe  
  35  3:35  Probe, Observer (Chrono Boost)  
  35  3:40  Probe  
  38  3:45  Shield Battery  
  38  3:47  Probe  
  40  3:50  Probe  
  40  3:51  Observer  
  42  3:59  Probe  
  42  4:01  Stalker  
  42  4:02  Probe  
  41  4:18  Stalker x2  
  41  4:22  Probe  
  43  4:24  Probe  
  43  4:26  Observer  
  45  4:34  Probe (Chrono Boost)  
  45  4:36  Stalker  
  48  4:40  Probe (Chrono Boost), Observer  
  50  4:46  Probe (Chrono Boost)  
  50  4:51  Probe (Chrono Boost)  
  51  4:53  Probe (Chrono Boost), Pylon  
  50  5:04  Pylon  
  48  5:11  Probe  
  48  5:12  Pylon  
  49  5:15  Probe  
  49  5:16  Robotics Bay  
  49  5:21  Pylon  
  50  5:23  Probe  
  50  5:27  Probe  
  52  5:30  Assimilator  
  52  5:32  Assimilator  
  53  5:35  Probe  
  53  5:39  Probe  
  54  5:43  Stalker  
  54  5:44  Stalker  
  54  5:45  Stalker  
  54  5:47  Probe  
  61  5:51  Probe  
  62  6:02  Probe, Colossus (Chrono Boost)  
  60  6:07  Extended Thermal Lance  
  60  6:08  Observer  
  66  6:16  Sentry  
  66  6:17  Probe  
  69  6:20  Probe  
  70  6:29  Probe  
  71  6:35  Pylon  
  71  6:36  Pylon  
  71  6:37  Observer  
  71  6:42  Colossus (Chrono Boost)  
  71  6:44  Probe x2  
  77  6:52  Nexus  
  76  6:56  Pylon  
  76  7:02  Probe  
  76  7:07  Probe  
  78  7:12  Twilight Council  
  78  7:13  Forge  
  78  7:14  Probe  
  79  7:17  Sentry  
  79  7:18  Sentry  
  79  7:22  Shield Battery  
  83  7:24  Probe  
  84  7:30  Zealot  
  84  7:31  Colossus (Chrono Boost)  
  92  7:40  Charge (Chrono Boost), Protoss Ground Weapons Level 1 (Chrono Boost)  
  92  7:41  Zealot x2  
  96  7:52  Stalker  
  96  7:54  Observer  
  98  8:09  Gateway  
  98  8:10  Probe x2, Gateway  
  98  8:11  Probe  
  98  8:12  Gateway  
  101  8:22  Warp Prism  
  101  8:24  Probe  
  101  8:27  Probe  
  103  8:36  Zealot x3  
  103  8:38  Probe  
  110  8:43  Pylon  
  110  8:44  Pylon  
  106  8:50  Probe  
  107  8:56  Observer  
  107  8:57  Zealot x3  
  113  9:06  Disruptor  
  108  9:11  Zealot x3  
  114  9:20  Zealot  
  114  9:21  Zealot x2  
  120  9:25  Probe  
  119  9:35  Zealot x3, Observer  
  100  9:41  Zealot x3  
  100  9:44  Immortal (Chrono Boost)  
  98  9:52  Gateway x2  
  102  9:58  Zealot x3  
  108  10:05  Zealot x2  
  110  10:19  Immortal (Chrono Boost)  
  114  10:22  Zealot  
  114  10:23  Zealot  
  108  10:31  Zealot x2  
  108  10:32  Zealot  
  108  10:33  Probe  
  113  10:36  Probe  
  113  10:40  Pylon x2  
  113  10:41  Dark Shrine  
  114  10:46  Zealot x2  
  116  10:50  Zealot  
  114  11:00  Zealot x5  
  106  11:08  Zealot x2  
  108  11:13  Cybernetics Core  
  108  11:15  Immortal (Chrono Boost)  
  110  11:25  Zealot x5  
  113  11:35  Zealot x2  
  113  11:45  Pylon  
  113  11:47  Pylon  
  113  11:48  Pylon, Zealot x2  
  106  12:08  Dark Templar x3  
  106  12:09  Zealot x2, Dark Templar x2  
  106  12:10  Nexus  
  106  12:16  Archon  
  98  12:29  Stalker  
  95  12:30  Stalker  
  93  12:37  Gateway x2  
  46  12:54  Stalker  
  46  12:55  Stalker x3  
Show
View Real Time Build Order
Export as new Build Order

Azure Terran - Winner!

Build Orders: 1/1/1 

Get SALT Encoding   

  12  0:00  SCV  
  13  0:12  SCV  
  14  0:17  Supply Depot  
  14  0:24  SCV  
  15  0:28  Refinery  
  15  0:39  SCV  
  16  0:45  Barracks  
  16  0:51  SCV  
  17  1:03  SCV  
  18  1:15  SCV, Engineering Bay  
  19  1:32  Orbital Command  
  19  1:33  Marine  
  20  1:43  Factory  
  20  1:52  Supply Depot  
  19  1:58  Barracks Reactor  
  19  2:00  SCV  
  20  2:12  SCV  
  21  2:21  Refinery  
  21  2:24  SCV  
  21  2:27  Starport  
  22  2:34  Widow Mine, Marine x2  
  22  2:36  SCV  
  27  2:39  Supply Depot  
  27  2:49  SCV  
  28  2:55  Hellion  
  28  2:56  Marine  
  31  3:00  Marine  
  31  3:01  SCV  
  31  3:05  Medivac  
  35  3:08  Supply Depot  
  35  3:14  Marine  
  35  3:18  Marine  
  35  3:19  Hellion  
  39  3:30  SCV  
  39  3:32  Marine  
  41  3:36  Marine  
  43  3:48  SCV  
  43  3:49  Factory Tech Lab  
  43  3:55  Command Center  
  43  3:56  Marine  
  43  3:57  Marine  
  43  4:02  SCV  
  46  4:14  Marine  
  47  4:24  Supply Depot  
  47  4:35  Siege Tank, Liberator  
  54  4:41  Marine x2  
  55  4:46  SCV  
  56  4:52  Supply Depot  
  56  4:58  SCV  
  56  4:59  Marine x2  
  56  5:15  Siege Tank  
  56  5:17  Marine  
  56  5:20  SCV  
  58  5:27  Barracks  
  58  5:28  Barracks  
  58  5:33  Orbital Command  
  58  5:37  Starport Tech Lab  
  58  5:38  SCV  
  59  5:43  Marine  
  59  5:45  Marine  
  61  5:51  SCV  
  59  5:59  Siege Tank  
  59  6:01  Marine  
  59  6:03  SCV, Marine  
  63  6:06  Raven  
  63  6:08  SCV  
  66  6:13  Engineering Bay, Refinery  
  66  6:15  SCV  
  67  6:20  SCV, Marine x2  
  67  6:23  Marine  
  71  6:27  SCV, Supply Depot  
  71  6:32  SCV  
  73  6:39  SCV, Refinery  
  74  6:42  Marine x2  
  74  6:43  Factory Tech Lab  
  74  6:44  SCV  
  74  6:46  Terran Infantry Weapons Level 1  
  76  6:47  Supply Depot  
  76  6:51  SCV  
  77  6:55  Stimpack  
  77  6:56  SCV, Marauder  
  77  7:00  Starport Reactor, Supply Depot  
  80  7:03  SCV  
  80  7:05  Marine x2  
  80  7:07  Marauder  
  80  7:08  Combat Shield  
  85  7:11  SCV  
  87  7:15  SCV  
  87  7:18  Siege Tank  
  87  7:20  Marauder  
  92  7:25  SCV, Supply Depot  
  92  7:27  Marine x2  
  92  7:29  SCV  
  96  7:34  Marauder  
  98  7:37  SCV  
  98  7:39  Supply Depot, Medivac  
  98  7:40  Medivac  
  103  7:44  Supply Depot  
  103  7:48  SCV, Marine x2  
  103  7:51  Marauder  
  108  7:52  SCV  
  108  7:56  Siege Tank  
  112  8:03  Marauder  
  114  8:06  SCV  
  114  8:07  SCV  
  114  8:09  Medivac, Marine x2  
  120  8:18  SCV  
  120  8:19  Marauder  
  123  8:21  SCV  
  123  8:24  Supply Depot  
  124  8:27  Concussive Shells  
  124  8:28  Marine x2  
  124  8:30  SCV  
  124  8:31  Marauder  
  129  8:35  SCV  
  129  8:39  Siege Tank  
  129  8:40  Terran Infantry Armor Level 1  
  133  8:46  Marauder, Marine x2  
  136  8:49  Medivac x2  
  136  8:54  SCV x2  
  142  9:02  Bunker  
  142  9:03  Bunker  
  142  9:08  Marine x2  
  142  9:12  Bunker  
  142  9:30  SCV, Marine x2  
  142  9:31  SCV, Marine  
  142  9:33  Liberator  
  141  9:40  Marine  
  138  9:46  Siege Tank  
  138  9:47  Marine x2  
  138  9:48  Bunker  
  140  9:53  Bunker  
  140  9:55  Marine  
  140  9:56  SCV  
  140  9:57  SCV  
  140  9:58  Bunker  
  142  10:00  Missile Turret  
  142  10:29  Marine  
  142  10:32  SCV, Marine x2  
  142  10:33  Marine  
  140  10:36  Supply Depot, Liberator  
  140  10:37  Supply Depot  
  140  10:43  Siege Tank  
  140  10:47  Marine  
  141  10:50  Marine  
  141  10:53  Marine  
  142  10:58  Marine  
  142  10:59  SCV, Liberator  
  142  11:04  Marine  
  142  11:07  SCV  
  142  11:08  Marine  
  142  11:11  Marine  
  140  11:13  SCV  
  140  11:15  Supply Depot  
  140  11:16  Marine  
  141  11:19  SCV  
  141  11:22  Marine  
  143  11:25  Marine  
  143  11:28  Marine  
  140  11:37  Liberator  
  142  11:42  Liberator  
  142  11:43  Marine  
  145  11:56  Marine x2  
  145  12:00  Marine  
  148  12:01  Marine  
  145  12:12  Siege Tank  
  145  12:14  Marine x2  
  147  12:18  Marine  
  147  12:19  Marine  
  147  12:21  Missile Turret  
  149  12:26  Liberator  
  149  12:27  Liberator  
  155  12:32  Marine x2  
  155  12:36  Marine  
  157  12:37  Marine  
  145  12:50  Marine x2  
  131  12:54  Marine  
  131  12:55  Marine  
Tags
 
Add a new tag
Caveats
  • Supply blocks, unpowered buildings, or Contaminate may cause inaccurate times.
  • Supply counts are checked every 10 seconds.